 Dungeon Crawl Stone Soup version 0.30.0-10-gfe55d96785 (webtiles) character file.

Game seed: 9923400083954716866

536 SnakkuSnakku7 the Stinger (level 7, -2/34 HPs)
             Began as a Vine Stalker Venom Mage on May 14, 2023.
             Was a Follower of Zin.
             Slain by an ogre
             ... wielding a +0 giant club
              (18 damage)
             ... on level 5 of the Dungeon.
             The game lasted 00:05:14 (3296 turns).

SnakkuSnakku7 the Stinger (Vine Stalker Venom Mage) Turns: 3296, Time: 00:05:15

Health: -2/34      AC: 13    Str: 12    XL:     7   Next: 25%
Magic:  0/11       EV:  2    Int: 15    God:    Zin [*.....]
Gold:   4          SH:  0    Dex: 15    Spells: 5/10 levels left

rFire   . . .        a - +2 hand axe (elec)
rCold   . . .        (no shield)
rNeg    . . .        u - +0 plate armour
rPois   +            x - +0 helmet
rElec   .            e - +0 cloak
rCorr   .            m - +0 pair of gloves
SInv    .            (no boots)
Will    .....        k - amulet of faith Stlth
                     n - ring of poison resistance
HPRegen 1.05/turn    (no ring)
MPRegen 0.12/turn

%: guardian spirit, faith
@: no status effects
A: fangs 2, regeneration 1, magic shield, antimagic bite, no potion heal 2
a: Renounce Religion, Recite, Donate Gold


You were on level 5 of the Dungeon.
You worshipped Zin.
Zin was aware of your devotion.
You visited 1 branch of the dungeon, and saw 5 of its levels.

You collected 121 gold pieces.
You spent 105 gold pieces at shops.
You donated 12 gold pieces to Zin.

Inventory:

Hand Weapons
 a - a +2 hand axe of electrocution (weapon)
 c - a +0 whip
 t - a +0 flail
Armour
 e - a +0 cloak (worn)
 l - a +0 robe
 m - a +0 pair of gloves (worn)
 q - a +0 tower shield
 s - a +0 scale mail
 u - a +0 plate armour (worn)
 x - a +0 helmet (worn)
Jewellery
 k - an amulet of faith (around neck)
 n - a ring of poison resistance (left hand)
Wands
 p - a wand of flame (25)
 r - a wand of digging (9)
Scrolls
 h - a scroll of enchant armour {unknown}
 w - 3 scrolls of teleportation {unknown}
 y - a scroll of blinking
Potions
 b - 2 potions of magic
 d - 2 potions of brilliance {unknown}
 f - a potion of ambrosia
 g - a potion of flight {unknown}
 i - 2 potions of haste {unknown}
 j - 2 potions of resistance
 o - a potion of mutation
 v - 2 potions of might


   Skills:
 + Level 1.8 Fighting
 + Level 2.7(3.4) Axes
 - Level 3.0(3.5) Maces & Flails
 - Level 1.5 Dodging
 - Level 2.4 Stealth
 - Level 2.1 Spellcasting
 - Level 1.0 Transmutations
 - Level 5.9 Poison Magic


You had 5 spell levels left.
You knew the following spells:

 Your Spells              Type           Power      Damage    Failure   Level
a - Sting                 Tmut/Pois      48%        1d5       100%        1
b - Olgreb's Toxic Radia  Pois           19%        N/A       100%        4

Your spell library contained the following spells:

 Spells                   Type           Power      Damage    Failure   Level
 Freeze                   Ice            4%         1d3       100%        1
 Summon Small Mammal      Summ           4%         N/A       100%        1
 Poisonous Vapours        Pois/Air       20%        N/A       100%        2
 Dazzling Flash           Conj/Hex       2%         N/A       100%        3
 Frozen Ramparts          Ice            2%         1d1       100%        3
 Hailstorm                Conj/Ice       1%         3d3       100%        3
 Mephitic Cloud           Conj/Pois/Air  7%         N/A       100%        3
 Vhi's Electric Charge    Tloc/Air       2%         N/A       100%        3
 Agony                    Necr           1%         N/A       100%        5
 Arcjolt                  Conj/Air       0%         1d10      100%        5
 Silence                  Hex/Air        0%         N/A       100%        5
 Summon Forest            Summ/Tloc      0%         N/A       100%        5
 Summon Mana Viper        Hex/Summ       1%         N/A       100%        5
 Plasma Beam              Fire/Air       0%         2x1d11    100%        6
 Summon Cactus Giant      Summ           0%         N/A       100%        6


Dungeon Overview and Level Annotations

Branches:
Dungeon (5/15)             Temple (0/1) D:5

Altars:
Dithmenos
Okawaru
Sif Muna
Vehumet
Zin

Shops:
D:3 (   D:5 (?

Annotations:
D:3 1 runed translucent door, Zvl3's ghost, amateur TrGl


Innate Abilities, Weirdness & Mutations

You have extremely sharp teeth.
Your natural rate of healing is unusually fast.
When hurt, damage is shared between your health and your magic reserves.
Your bite disrupts and absorbs the magic of your enemies.
Potions cannot restore your health.


Message History

You hit the shadow imp. Your bite misses the shadow imp.
The shadow imp is moderately wounded.
The shadow imp spits at you.
The shadow imp hits you but does no damage.
You hit the shadow imp.
The shadow imp is heavily wounded.
The shadow imp gestures at you. You resist with significant effort.
You barely miss the shadow imp. You bite the shadow imp.
The shadow imp's magic leaks into the air.
You drain its magic.
The shadow imp is almost dead.
The shadow imp completely misses you.
You closely miss the shadow imp. Your bite misses the shadow imp.
The shadow imp is almost dead.
You hit the ogre. Lightning courses through the ogre!
The ogre barely misses you.
The shadow imp hits you but does no damage.
The shadow imp gestures at you. You resist with significant effort.
You hit the shadow imp.
Lightning courses through the shadow imp!
You kill the shadow imp!
You barely miss the ogre. The ogre hits you with a +0 giant club!
Unknown command.
You closely miss the ogre. You bite the ogre. You drain its power.
You feel invigorated.
The ogre is almost dead.
The ogre hits you with a +0 giant club!!
You are too injured to fight recklessly!
You are too injured to fight recklessly!
Unknown command.
You are too injured to fight recklessly!
You hit the ogre. Your bite misses the ogre.
The ogre is almost dead.
You barely miss the ogre. You punch the ogre. Your bite misses the ogre.
The ogre is almost dead.
The ogre hits you with a +0 giant club!!
Ouch! That really hurt!
You die...

.........#..>..............
.........#.................
.........#...........(.....
###......#.................
#......#.................
#......#.................
#......##########...##.##
#...............#...####.
#######.@O......#......#.
#.........#......#.
#......>..#......'.
#.........#......#.
#.........####+###.
.######...>........ .
............ ..
............ ............


You could see an ogre.

Vanquished Creatures
  A phantom (D:5)
  A gnoll sergeant (D:4)
  An orc priest (D:4)
  A hound (D:5)
  2 iguanas
  2 orc wizards
  Robin (D:4)
  4 gnolls
  7 adders
  A shadow imp (D:5)
  4 worms
  4 dart slugs
  7 orcs
  8 bats
  5 endoplasms
  7 giant cockroaches
  16 goblins
  6 hobgoblins
  8 quokkas
  5 ball pythons
  2 frilled lizards
  6 kobolds
  3 rats
102 creatures vanquished.

Notes
Turn   | Place    | Note
-------+----------+-------------------------------------------
     0 | D:1      | SnakkuSnakku7 the Vine Stalker Venom Mage began the quest
                  | for the Orb.
     0 | D:1      | Reached XP level 1. HP: 9/9 MP: 4/4
   170 | D:1      | Reached XP level 2. HP: 12/13 MP: 3/6
   743 | D:2      | Reached skill level 4 in Poison Magic
   784 | D:2      | Reached XP level 3. HP: 13/16 MP: 2/7
   925 | D:2      | Reached skill level 1 in Maces & Flails
  1103 | D:2      | Gained mutation: Your natural rate of healing is unusually
                  | fast. [Vine Stalker growth]
  1103 | D:2      | Reached XP level 4. HP: 21/21 MP: 2/8
  1238 | D:3      | Found a glowing silver altar of Zin.
  1243 | D:3      | Found Ecameer's Antique Weapon Shop.
  1248 | D:3      | Became a worshipper of Zin the Law-Giver
  1323 | D:3      | Reached * piety under Zin
  1376 | D:3      | Learned a level 4 spell: Olgreb's Toxic Radiance
  1382 | D:3      | Found a faded altar of an unknown god.
  1387 | D:3      | Got Plato's Secrets of Convocation
  1531 | D:3      | Reached XP level 5. HP: 24/24 MP: 7/9
  1594 | D:3      | Reached skill level 5 in Poison Magic
  1648 | D:3      | Noticed Zvl3's ghost (amateur TrGl)
  1653 | D:3      | Found a runed translucent door.
  2088 | D:4      | Reached XP level 6. HP: 6/28 MP: 1/10
  2134 | D:4      | Found an iron altar of Okawaru.
  2134 | D:4      | Found a shimmering blue altar of Sif Muna.
  2138 | D:4      | Found a radiant altar of Vehumet.
  2298 | D:4      | Reached skill level 1 in Axes
  2904 | D:4      | Noticed Robin
  2909 | D:4      | Killed Robin
  3076 | D:5      | Entered Level 5 of the Dungeon
  3079 | D:5      | Found Xeisch's Weapon Shop.
  3144 | D:5      | Found a staircase to the Ecumenical Temple.
  3159 | D:5      | Reached skill level 1 in Fighting
  3159 | D:5      | Reached XP level 7. HP: 33/33 MP: 11/11
  3194 | D:5      | Found Ephirac's Magic Scroll Boutique.
  3220 | D:5      | Bought a scroll of blinking for 105 gold pieces
  3274 | D:5      | Found a shadowy altar of Dithmenos.
  3296 | D:5      | Slain by an ogre

Illustrated notes

Levels and vault maps discovered:
D:1:      saegor_arrival_simple_b, layout_loops_ring, corner_web_ring,
          minmay_tromino_v4_b
D:2:      layout_rooms
D:3:      minmay_skewed_foursquare, layout_basic, zin_academy,
          hellmonk_ghost_happy_afterlife, shapermc_ecumenical_altar_rom_forum,
          serial_shops, nicolae_shop_crystal, grunt_ministairs_14,
          serial_bayou_pond_a
D:4:      layout_basic, minitemple, nrook_uturn, uniq_robin
D:5:      layout_gridville, grunt_temple_overflow_open,
          nzn_wu_jian_council_hall, minmay_temple_entry_statues_fountains,
          serial_shops, shop, nicolae_shop_bloodbath_and_beyond, shop,
          uniq_grinder

Skill      XL: |  1  2  3  4  5  6 |
---------------+-------------------+-----
Poison Magic   | 4 5 |  5.9
Maces & Flails | 1 2 3 |  3.0
Axes           | 2 |  2.7
Fighting       | 1 |  1.8
Dodging        | |  1.5
Stealth        | |  2.4
Spellcasting   | |  2.1
Transmutations | |  1.0

Action                     |  1- 3 |  4- 6 |  7- 9 || total
---------------------------+-------+-------+-------++-------
  Melee: Whip              |    24 |       |       ||    24
         Bite              |    11 |    35 |     6 ||    52
         Flail             |    45 |    95 |       ||   140
         Punch             |       |     2 |     1 ||     3
         Hand axe          |       |    47 |    29 ||    76
   Cast: Sting             |    33 |    45 |       ||    78
    Use: Scroll            |       |       |     5 ||     5
   Stab: Distracted        |       |     1 |       ||     1
         Sleeping          |       |     3 |       ||     3
 Armour: Robe              |    30 |    32 |       ||    62
         Plate armour      |       |    23 |    23 ||    46
  Dodge: Dodged            |    55 |    99 |     4 ||   158
